 Dungeon Crawl Stone Soup version 0.25-a0-665-ga69d64035b (webtiles) character file.

Game seed: 8680092131289932613, levelgen mode: deterministic

98 kae the Firebug (level 4, 0/24 HPs)
             Began as a Tengu Fire Elementalist on Mar 26, 2020.
             Slain by a river rat (2 damage)
             ... in a sewer.
             The game lasted 00:01:51 (1529 turns).

kae the Firebug (Tengu Fire Elementalist)           Turns: 1529, Time: 00:01:52

Health: 0/24       AC:  2    Str:  9    XL:     4   Next: 71%
Magic:  2/9        EV: 12    Int: 16    God:
Gold:   115        SH:  0    Dex: 14    Spells: 4/8 levels left

rFire    . . .     SeeInvis .   (no weapon)
rCold    . . .     Gourm    .   (no shield)
rNeg     . . .     Faith    .   a - +0 robe
rPois    .         Spirit   .   (helmet restricted)
rElec    .         Reflect  .   (no cloak)
rCorr    .         Harm     .   (no gloves)
MR       .....                  (boots unavailable)
Stlth    ++........             (no amulet)
HPRegen  0.08/turn              (no ring)
MPRegen  0.11/turn              (no ring)

@: very slightly contaminated
A: beak, talons 3
a: no special abilities


You were in a sewer.
You were not hungry.

You visited 1 branch of the dungeon, and saw 4 of its levels.
You also visited: Sewer.

You collected 115 gold pieces.

Inventory:

Armour
 a - a +0 robe (worn)
Jewellery
 f - an uncursed ring of resist corrosion
Scrolls
 b - a scroll of teleportation
 d - 2 scrolls of amnesia
 e - a scroll of fear
Potions
 g - a potion of curing
 i - a potion of brilliance {unknown}
Comestibles
 c - 4 rations


   Skills:
 - Level 2.1 Dodging
 - Level 2.0 Stealth
 + Level 2.9 Spellcasting
 - Level 2.0 Conjurations
 * Level 5.0 Fire Magic


You had 4 spell levels left.
You knew the following spells:

 Your Spells              Type           Power        Failure   Level  Hunger
a - Foxfire               Conj/Fire      ##..         4%          1    #......
b - Conjure Flame         Conj/Fire      ##......     13%         3    ###....

Your spell library contained the following spells:

 Spells                   Type           Power        Failure   Level  Hunger
 Inner Flame              Hex/Fire       ##......     21%         3    ###....
 Shroud of Golubria       Chrm/Tloc      #.....       28%         2    ##.....
 Swiftness                Chrm/Air       #.......     28%         2    ##.....
 Sticky Flame             Conj/Fire      ##......     41%         4    #####..
 Fireball                 Conj/Fire      ##........   77%         5    ######.
 Iskenderun's Battlesphe  Conj/Chrm      #.......     98%         5    ######.
 Summon Mana Viper        Hex/Summ       #.......     99%         5    ######.
 Shadow Creatures         Summ           N/A          100%        6    #######


Dungeon Overview and Level Annotations

Branches:
Dungeon (4/15)              Sewer (1/1)
 Temple: D:4-7

Altars:
Gozag


Innate Abilities, Weirdness & Mutations

You have a beak for a mouth.
You have claws for feet.


Message History

You miscast Foxfire.
You are very lightly contaminated with residual magic.
Heat runs through your body.
The rat twitches its whiskers.
The river rat closely misses you.
Casting: Foxfire (safe; 4% risk of failure)
Confirm with . or Enter, or press ? or * to list all spells.
You conjure some foxfire!
The river rat barely misses you. The river rat barely misses you.
Casting: Foxfire (safe; 4% risk of failure)
Confirm with . or Enter, or press ? or * to list all spells.
Nothing appears to happen.
The river rat bites you! The river rat completely misses you.
Casting: Foxfire (safe; 4% risk of failure)
Confirm with . or Enter, or press ? or * to list all spells.
Nothing appears to happen.
The river rat bites you!
* * * LOW HITPOINT WARNING * * *
The river rat twitches its whiskers.
The river rat bites you.
You die...

#≈#
#≈#
#.#
#.#
#.#
#.#
#v#
#@#
#r#
#r#
#∩#
#.#
#.#
#.#
#.#
###


You could see a river rat and a rat.

Vanquished Creatures
  Jessica (D:3)
  A river rat (D:3)
  An adder (D:3)
  2 dart slugs (D:1)
  A leopard gecko (D:4)
  A ball python (D:3)
  4 bats
  3 giant cockroaches
  4 goblins (D:1)
  5 hobgoblins
  6 jackals
  4 kobolds (D:1)
  A quokka (D:3)
  4 frilled lizards
  11 rats
49 creatures vanquished.

Vanquished Creatures (others)
  111 foxfires
111 creatures vanquished.

Grand Total: 160 creatures vanquished

Notes
Turn   | Place    | Note
-------+----------+-------------------------------------------
     0 | D:1      | kae the Tengu Fire Elementalist began the quest for the
                  | Orb.
     0 | D:1      | Reached XP level 1. HP: 10/10 MP: 4/4
    99 | D:1      | Reached XP level 2. HP: 13/15 MP: 4/6
   457 | D:1      | Reached skill level 4 in Fire Magic
   483 | D:1      | Reached XP level 3. HP: 19/19 MP: 5/7
   938 | D:1      | Learned a level 3 spell: Conjure Flame
   967 | D:2      | You fall into a shaft and drop 2 floors!
  1044 | D:4      | Identified Xymn's Volume of Creative Augmentations
  1049 | D:4      | Found an opulent altar of Gozag.
  1213 | D:3      | Noticed Jessica
  1222 | D:3      | Killed Jessica
  1222 | D:3      | Reached XP level 4. HP: 5/24 MP: 3/9
  1441 | D:3      | Reached skill level 5 in Fire Magic
  1447 | D:3      | Found a glowing drain.
  1513 | Sewer    | Entered a sewer
  1529 | Sewer    | Slain by a river rat

Levels and vault maps discovered:
D:1:      scummos_arrival_hexagon, layout_loops_ring
D:2:      minmay_inner_zag, layout_basic, chequers_ecumenical_altar_twisty,
          first_ration, uniq_robin
D:3:      layout_loops_ring, fedhas_altar_1, portal_sewer_entry_b,
          feat_on_display, uniq_jessica, uniq_sigmund
D:4:      layout_loops_ring, grunt_gozag_breadcrumbs, minmay_hedge_maze,
          serial_bayou_ford_a, nicolae_elemental_shop
Sewer:    sewer_kobolds

Skill      XL: |  1  2  3  4 |
---------------+-------------+-----
Conjurations   | 2 |  2.0
Fire Magic     | 4 5 |  5.0
Dodging        | |  2.1
Stealth        | |  2.0
Spellcasting   | |  2.9

Action                   |  1- 3 |  4- 6 || total
-------------------------+-------+-------++-------
Melee: Unarmed           |    19 |     2 ||    21
       Kick              |     4 |       ||     4
       Peck              |     2 |       ||     2
 Cast: Foxfire           |    57 |    22 ||    79
  Use: Scroll            |     3 |     1 ||     4
  Eat: Chunk             |     2 |     1 ||     3
Armor: Robe              |     6 |     3 ||     9
Dodge: Dodged            |    32 |     6 ||    38

Table legend:
 A = Non-vault XP
 B = Vault XP
 C = Vault XP percentage of total XP
 D = Non-vault monster count
 E = Vault monster count
 F = Vault count percentage of total count
                 A         B        C        D         E       F
            +---------+---------+-------+---------+---------+-------
      Total |      80 |      61 |  43.3 |      39 |      10 |  20.4
            +---------+---------+-------+---------+---------+-------
        D:1 |      43 |       0 |   0.0 |      24 |       0 |   0.0
        D:2 |       8 |       0 |   0.0 |       4 |       0 |   0.0
        D:3 |      26 |      60 |  69.8 |      10 |       9 |  47.4
        D:4 |       3 |       0 |   0.0 |       1 |       0 |   0.0
      Sewer |       0 |       1 | 100.0 |       0 |       1 | 100.0
            +---------+---------+-------+---------+---------+-------
